 Dungeon Crawl Stone Soup version 0.26-a0-64-g059e62fbdb (webtiles) character file.

Game seed: 16856779836511908361

0 Gargoyl the Skirmisher (level 1, -10/19 HPs)
             Began as a Centaur Abyssal Knight on June 10, 2020.
             Was a Follower of Lugonu.
             Mangled by a small abomination (19 damage)
             ... on level 1 of the Abyss.
             The game lasted 00:00:26 (105 turns).

Gargoyl the Skirmisher (Centaur Abyssal Knight)      Turns: 105, Time: 00:00:26

Health: -10/19     AC:  4    Str: 14    XL:     1   Next: 0%
Magic:  2/2        EV:  9    Int: 11    God:    Lugonu [*.....]
Gold:   0          SH:  0    Dex:  8    Spells: 0/0 levels left

rFire    . . .     SeeInvis .   a - +1 hand axe
rCold    . . .     Gourm    .   (no shield)
rNeg     . . .     Faith    .   b - +0 leather armour
rPois    .         Spirit   .   (no helmet)
rElec    .         Reflect  .   (no cloak)
rCorr    .         Harm     .   (no gloves)
MR       .....                  (no barding)
Stlth    ..........             (no amulet)
HPRegen  0.06/turn              (no ring)
MPRegen  0.08/turn              (no ring)

@: very quick
A: large, hooves 3, deformed body, speed 2, tough skin 3
a: Depart the Abyss, Renounce Religion


You were on level 1 of the Abyss.
You worshipped Lugonu.
Lugonu was aware of your devotion.
You were not hungry.

You visited 0 branches of the dungeon, and saw 0 of its levels.
You visited the Abyss 1 time.

Inventory:

Hand Weapons
 a - a +1 hand axe (weapon)
Armour
 b - a +0 leather armour (worn)
Scrolls
 f - a scroll of identify
Comestibles
 c - 2 rations


   Skills:
 + Level 3.0 Fighting
 + Level 1.7 Axes
 + Level 1.3 Armour
 + Level 0.6 Dodging
 + Level 2.0 Invocations


You couldn't memorise any spells.
You didn't know any spells.
Your spell library was empty.

Dungeon Overview and Level Annotations

Branches:
Dungeon (0/15)

Altars:


Innate Abilities, Weirdness & Mutations

You have hooves in place of feet.
Armour fits poorly on your strangely shaped body.
You cover ground very quickly.
You have extremely tough skin. (AC +3)


Message History

You escape the starspawn tentacle's grasp.
A tentacle flies out from the starspawn's body!
A starspawn tentacle comes into view.
The small abomination hits you but does no damage.
The starspawn tentacle grabs you. The starspawn tentacle constricts you.
You hit the starspawn tentacle.
The starspawn tentacle is moderately damaged.
You hit the small abomination.
The starspawn tentacle loses its grip on you.
The tentacle pulls you backwards! The starspawn tentacle grabs you.
The starspawn tentacle constricts you.
You hit the starspawn tentacle.
The starspawn tentacle is moderately damaged.
You barely miss the small abomination. Something loses its grip on you.
The starspawn tentacle grabs you. The starspawn tentacle constricts you.
The starspawn tentacle loses its grip on you.
The tentacle pulls you backwards! The small abomination hits you!!
Ouch! That really hurt!
You die...

.### ## .. . ##.##
. .# ...... ### .#
....###.# ##..
#│#.##t######..
│#...#──Xx#.###...
#.....####@....# #
##..##─x#...##..# #
.##..##.##..#.....#
#.......#.......#.#
#.....#....#..#.#
#..###......#.###
#... ##...##....#
#### ....# ..#...
#.#....... ...


You could see a tentacled starspawn, an apocalypse crab and a small abomination.

Vanquished Creatures (others)
  2 starspawn tentacles (Abyss:1)
2 creatures vanquished.

Notes
Turn   | Place    | Note
-------+----------+-------------------------------------------
     0 | Abyss:1  | Gargoyl the Centaur Abyssal Knight began the quest for the
                  | Orb.
     0 | Abyss:1  | Reached XP level 1. HP: 19/19 MP: 2/2
    78 | Abyss:1  | Noticed a small abomination
    90 | Abyss:1  | Noticed an apocalypse crab
    91 | Abyss:1  | Noticed a tentacled starspawn
   105 | Abyss:1  | Mangled by a small abomination

Illustrated notes

Levels and vault maps discovered:
Abyss:1

Action                   || total
-------------------------++-------
Melee: Hand axe          ||     2
  Use: Scroll            ||     3
Armor: Leather armour    ||     1

Table legend:
 A = Non-vault XP
 B = Vault XP
 C = Vault XP percentage of total XP
 D = Non-vault monster count
 E = Vault monster count
 F = Vault count percentage of total count
                 A         B        C        D         E       F
            +---------+---------+-------+---------+---------+-------
      Total |       0 |       0 |   N/A |       0 |       0 |  -nan
            +---------+---------+-------+---------+---------+-------
            +---------+---------+-------+---------+---------+-------
